Unix NetHack Version 5.0.0-0 post-release - last build Jul 19 2026 19:10:59 (3aa4ab31751d3886436d94b585a96704892fd477,branch:main).

Game began 2026-07-21 21:55:27, ended 2026-07-21 22:13:29.

Jinnora, lawful female human Archeologist

       -----------
       |.........|             ------------
       |.........|   ##########...........|
       |.......>..####         |....).[..(.#
       ---.-------  ###########|..>.......|#
          ########            #----.-------#
                 ####         `#########  ##
                    #              e   ## #
                    ##            @d    ###
           ----------.-           M      #-----      ----------------
           |...........######-----.--    #+...| #####.^..*(.........|
           |..........|     #|......-#####|...| #    |..............|
           |..........|     #|......|    #.....######...............|
           |...........######..<...^|    #|...| #    ----------------
           ------------     #--------    #|...|##
                                         #-----#
                                         #######

Jinnora the Field Worker   St:14 Dx:10 Co:13 In:17 Wi:16 Ch:7  Lawful
Dlvl:4  $:50 HP:0(33) Pw:25(25) AC:6  Xp:4/137 T:2910  Hungry   Burdened

Latest messages:
 You were wearing an uncursed +0 fedora.
 What do you want to wear? [cp or ?*] p
 You finish your dressing maneuver.
 What do you want to drop? [$a-hj-moprsuvx-zAC-I or ?*] D
 You drop 2 uncursed worthless pieces of yellow glass.
 You stop.  Your dog is in the way!
 You swap places with your dog.
 You fall down the stairs.
 The dog picks up a sling.
 What do you want to use or apply? [ae-hlEF or ?*] ?
 You produce a high whistling sound.
 What do you want to use or apply? [ae-hlEF or ?*] F
 You produce a high whistling sound.
 You hear a gurgling noise.
 You swap places with your dog.
 You fall down the stairs.
 You lash the floating eye.
 You lash the floating eye.
 You are frozen by the floating eye's gaze!
 The dog bites the floating eye.
 The dog bites the floating eye.
 The dog bites the floating eye.
 You are beginning to feel hungry.
 The dog bites it.
 It hits the dog.
 The dog bites it.
 The dog misses the kobold mummy.
 The dog misses it.
 The dog misses it.
 The dog bites the floating eye.
 The dog is frozen by the floating eye's gaze!
 The kobold mummy hits!
 The kobold mummy hits!
 The kobold mummy hits!
 The kobold mummy hits!
 The kobold mummy hits!
 The kobold mummy hits!
 The kobold mummy hits!
 The kobold mummy hits!
 The kobold mummy hits!
 The kobold mummy hits!
 The kobold mummy hits!
 The kobold mummy hits!
 The kobold mummy hits!
 The kobold mummy hits!
 The kobold mummy hits!
 The kobold mummy hits!
 The kobold mummy hits!
 You die...
 Do you want your possessions identified? [ynq] (y) q

Inventory:
 Coins    ('$')
  $ - 50 gold pieces
 Weapons  (')')
  u - 11 uncursed +0 silver arrows
  G - an uncursed +0 dagger
  a - an uncursed burnt +2 bullwhip (weapon in right hand)
 Armor    ('[')
  c - an uncursed +0 fedora
  p - an uncursed +0 orcish helm (being worn)
  H - an uncursed +0 pair of iron shoes (being worn)
  I - an uncursed +0 dwarvish cloak (being worn)
  b - a blessed +0 leather jacket (being worn)
 Comestibles  ('%')
  d - 5 uncursed food rations
  k - 4 uncursed lichen corpses
 Scrolls  ('?')
  y - a blessed scroll of blank paper
  A - an uncursed scroll of confuse monster
  j - a cursed scroll of fire
  o - a blessed scroll of teleportation
 Potions  ('!')
  z - a cursed potion of booze
  C - an uncursed potion of extra healing
  s - an uncursed potion of fruit juice
  m - 2 uncursed potions of healing
  v - an uncursed potion of sleeping
 Rings    ('=')
  r - a cursed ring of aggravate monster
 Wands    ('/')
  l - an uncursed wand of death (0:5)
 Tools    ('(')
  h - an empty uncursed sack
  e - an uncursed +0 pick-axe (alternate weapon; not wielded)
  E - an uncursed skeleton key
  F - an uncursed tin whistle
  f - an uncursed tinning kit (0:40)
 Gems/Stones  ('*')
  x - an uncursed garnet stone
  g - an uncursed touchstone

Jinnora the Archeologist's attributes:

Background:
 You were a Field Worker, a level 4 female human Archeologist.
 You were lawful, on a mission for Quetzalcoatl
 who was opposed by Camaxtli (neutral) and Huhetotl (chaotic).
 You were right-handed.
 You were in the Dungeons of Doom, on level 4.
 You entered the dungeon 2910 turns ago.
 It was nighttime.
 You had 137 experience points, 23 more were needed to attain level 5.

Basics:
 You had 0 out of 33 hit points.
 You had all 25 energy points (spell power).
 Your armor class was 6.
 Your wallet contained 50 zorkmids.
 Autopickup was off.

Final Characteristics:
 Your strength was 14 (limit:18/100).
 Your dexterity was 10 (limit:18).
 Your constitution was 13 (limit:18).
 Your intelligence was 17 (limit:18).
 Your wisdom was 16 (limit:18).
 Your charisma was 7 (limit:18).

Final Status:
 You were hungry.
 You were burdened; movement was slightly slowed.
 You were wielding a whip.
 You had basic skill with whip.

Final Attributes:
 You were piously aligned.
 Your items were somewhat protected from fire.
 Your items were somewhat protected from cold.
 You had automatic searching.
 You were warded.
 You are dead.

Miscellaneous:
 You didn't encounter any bones levels.
 Total elapsed playing time was 18 minutes and 1 second.

Major events:
 Turn
    1: Jinnora the lawful female human Archeologist entered the dungeon
 1353: attained the rank of Field Worker (level 3)
 1462: entered the Gnomish Mines
 2910: killed by a kobold mummy, while frozen by a floating eye's gaze

You didn't know any spells.

Skills:
 Fighting Skills
   bare handed combat [Unskilled]
   two weapon combat  [Unskilled]
   riding             [Unskilled]
 Weapon Skills
   dagger             [Unskilled]
   knife              [Unskilled]
   pick-axe           [Basic]
   short sword        [Unskilled]
   saber              [Unskilled]
   club               [Unskilled]
   quarterstaff       [Unskilled]
   sling              [Unskilled]
   dart               [Unskilled]
   boomerang          [Unskilled]
   whip               [Basic]
   unicorn horn       [Unskilled]
 Spellcasting Skills
   attack spells      [Unskilled]
   healing spells     [Unskilled]
   divination spells  [Unskilled]
   matter spells      [Unskilled]

Voluntary challenges:
 Character rerolling was not enabled.
 You never genocided any monsters.
 You never polymorphed an object.
 You never changed form.
 You used no wishes.
Achievements:
 You entered a shop.
 You attained the rank of Field Worker.
 You entered the Gnomish Mines.

 The Dungeons of Doom: levels 1 to 5
    Level 1:
       A fountain, a sink.
    Level 2:
       A bookstore, many altars, some fountains.
    Level 3:
       Some sinks.
    Level 4: <- You were here.
       Stairs down to The Gnomish Mines.
       Final resting place for
          you, killed by a kobold mummy, while frozen by a floating eye's gaze.
    Level 5:
 The Gnomish Mines: levels 5 to 6
    Level 5:
    Level 6:


Vanquished creatures:
  2 gnome leaders
  a kitten
  a dwarf
  a giant bat
  2 acid blobs
  2 coyotes
  2 hobbits
  2 giant rats
  2 red molds
  9 gnomes
  4 geckos
  4 foxes
  2 goblins
  4 sewer rats
  5 grid bugs
  7 lichens
  a kobold zombie
 10 newts
61 creatures vanquished.

No species were genocided or became extinct.

Game over:
                       ----------
                      /          \
                     /    REST    \
                    /      IN      \
                   /     PEACE      \
                  /                  \
                  |     Jinnora      |
                  |      50 Au       |
                  |   killed by a    |
                  |   kobold mummy   |
                  |                  |
                  |                  |
                  |       2026       |
                 *|     *  *  *      | *
        _________)/\\_//(\/(/\)/\//\/|_)_______

Goodbye Jinnora the Archeologist...

You died in The Dungeons of Doom on dungeon level 4 with 843 points,
and 50 pieces of gold, after 2910 moves.
You were level 4 with a maximum of 33 hit points when you died.

